| TOP OF THE 1ST |
|
Arkansas Travelers batting - Pitching for Frisco RoughRiders : RHP Joe Pattullo
|
|
Pitching: RHP Joe Pattullo
|
|
|
Batting: RHB Jose Ramirez
|
0-0: Ball 1-0: Called Strike 1-1: Called Strike 1-2: Foul Ball, location: 2F 1-2: Ball 2-2: Ball 3-2: Ground out 6-3 (Groundball, 56, EV 103.1 MPH)
|
|
Batting: LHB Griffin Ferris
|
0-0: Fly out, F9 (Flyball, 89M, EV 86.9 MPH)
|
|
Batting: RHB Juan Montez
|
0-0: Fly out, F8 (Flyball, 8LS, EV 88.8 MPH)
|
| Top of the 1st over - 0 runs, 0 hits, 0 errors, 0 left on base; Arkansas 0 - Frisco 0 |
| BOTTOM OF THE 1ST |
|
Frisco RoughRiders batting - Pitching for Arkansas Travelers : RHP Josh Brewer
|
|
Pitching: RHP Josh Brewer
|
|
|
Batting: RHB Doug Hammertime
|
0-0: Foul Ball, location: 2F 0-1: Swinging Strike 0-2: Strikes out looking
|
|
Batting: LHB Pauli Gassinger
|
0-0: Foul Ball, location: 2F 0-1: Ball 1-1: Ball 2-1: Ground out 3-1 (Groundball, 34, EV 90.0 MPH)
|
|
Batting: RHB Matt Sanders
|
0-0: Ball 1-0: Fly out, F7 (Line Drive, 78M, EV 91.2 MPH)
|
| Bottom of the 1st over - 0 runs, 0 hits, 0 errors, 0 left on base; Arkansas 0 - Frisco 0 |
| TOP OF THE 2ND |
|
Arkansas Travelers batting - Pitching for Frisco RoughRiders : RHP Joe Pattullo
|
|
Batting: LHB Mark Reeg
|
0-0: Ball 1-0: Foul Ball, location: 2F 1-1: Ball 2-1: Foul Ball, location: 2F 2-2: Ball 3-2: Strikes out swinging
|
|
Batting: RHB Ryuji Ito
|
0-0: Foul Ball, location: 2F 0-1: Called Strike 0-2: Foul Ball, location: 2F 0-2: Strikes out swinging
|
|
Batting: LHB Justin Balthazor
|
0-0: Ball 1-0: Foul Ball, location: 2F 1-1: Swinging Strike 1-2: Ball 2-2: SINGLE (Line Drive, 34D, EV 110.0 MPH)
|
|
Batting: RHB Danny Bjarnson
|
0-0: Ball 1-0: Fielders Choice at 2nd, 5-4 (Groundball, 56, EV 105.6 MPH)
|
| Top of the 2nd over - 0 runs, 1 hit, 0 errors, 1 left on base; Arkansas 0 - Frisco 0 |
| BOTTOM OF THE 2ND |
|
Frisco RoughRiders batting - Pitching for Arkansas Travelers : RHP Josh Brewer
|
|
Batting: SHB David Simpson
|
0-0: Ball 1-0: SINGLE (Groundball, 3D, EV 105.0 MPH)
|
|
Batting: RHB Chance Lamb
|
0-0: Called Strike 0-1: Ball 1-1: Called Strike 1-2: Strikes out swinging
|
|
Batting: LHB Yat-sen Zhu
|
0-0: Called Strike 0-1: Fielders Choice at 2nd, 4-6 (Groundball, 4MD, EV 100.0 MPH)
|
|
Batting: RHB Joe Kemp
|
0-0: Called Strike 0-1: Foul Ball, location: 2F 0-2: Ball 1-2: Ball 2-2: Fly out, F8 (Flyball, 8LS, EV 94.4 MPH)
|
| Bottom of the 2nd over - 0 runs, 1 hit, 0 errors, 1 left on base; Arkansas 0 - Frisco 0 |
| TOP OF THE 3RD |
|
Arkansas Travelers batting - Pitching for Frisco RoughRiders : RHP Joe Pattullo
|
|
Batting: LHB Barrfhionn O'Toole
|
0-0: Ball 1-0: Swinging Strike 1-1: Ball 2-1: Called Strike 2-2: Strikes out swinging
|
|
Batting: LHB Larry Prey
|
0-0: Ground out 6-3 (Groundball, 4MS, EV 83.8 MPH)
|
|
Batting: RHB Jose Ramirez
|
0-0: Called Strike 0-1: Ball 1-1: Ball 2-1: Swinging Strike 2-2: Strikes out swinging
|
| Top of the 3rd over - 0 runs, 0 hits, 0 errors, 0 left on base; Arkansas 0 - Frisco 0 |
| BOTTOM OF THE 3RD |
|
Frisco RoughRiders batting - Pitching for Arkansas Travelers : RHP Josh Brewer
|
|
Batting: RHB Josh Ferguson
|
0-0: Called Strike 0-1: Called Strike 0-2: Ball 1-2: Ball 2-2: Ball 3-2: Base on Balls
|
|
Batting: RHB Darnell Jones
|
0-0: Ball 1-0: Ball 2-0: Fielders Choice at 2nd, 6-4 (Groundball, 6, EV 103.8 MPH)
|
|
Batting: RHB Doug Hammertime
|
0-0: Ball Darnell Jones is caught stealing 2nd base 2-4 1-0: Called Strike 1-1: Ball 2-1: Swinging Strike 2-2: Foul Ball, location: 2F 2-2: Strikes out looking
|
| Bottom of the 3rd over - 0 runs, 0 hits, 0 errors, 0 left on base; Arkansas 0 - Frisco 0 |
| TOP OF THE 4TH |
|
Arkansas Travelers batting - Pitching for Frisco RoughRiders : RHP Joe Pattullo
|
|
Batting: LHB Griffin Ferris
|
0-0: Foul Ball, location: 2F 0-1: Ball 1-1: Swinging Strike 1-2: Strikes out swinging
|
|
Batting: RHB Juan Montez
|
0-0: Ball 1-0: Ball 2-0: Called Strike 2-1: Fly out, F7 (Flyball, 78M, EV 84.4 MPH)
|
|
Batting: LHB Mark Reeg
|
0-0: Ball 1-0: DOUBLE (Line Drive, 89D, EV 107.5 MPH)
|
|
Batting: RHB Ryuji Ito
|
0-0: Ground out U3 (Groundball, 34, EV 83.1 MPH)
|
| Top of the 4th over - 0 runs, 1 hit, 0 errors, 1 left on base; Arkansas 0 - Frisco 0 |
| BOTTOM OF THE 4TH |
|
Frisco RoughRiders batting - Pitching for Arkansas Travelers : RHP Josh Brewer
|
|
Batting: LHB Pauli Gassinger
|
0-0: Ball 1-0: Foul Ball, location: 2F 1-1: Ball 2-1: Ball 3-1: Called Strike 3-2: Ground out 5-3 (Groundball, 56D, EV 87.5 MPH)
|
|
Batting: RHB Matt Sanders
|
0-0: Called Strike 0-1: Foul Ball, location: 2F 0-2: Fly out, F6 (Flyball, 5D, EV 91.9 MPH)
|
|
Batting: SHB David Simpson
|
0-0: Ball 1-0: Ball 2-0: Called Strike 2-1: SINGLE (Groundball, 56D, EV 102.5 MPH)
|
|
Batting: RHB Chance Lamb
|
0-0: Ball 1-0: Foul Ball, location: 2F 1-1: Ball 2-1: Ball 3-1: Foul Ball, location: 2F 3-2: Foul Ball, location: 2F 3-2: Foul Ball, location: 2F 3-2: Foul Ball, location: 2F 3-2: SINGLE (Line Drive, 8LS, EV 108.8 MPH) David Simpson to second David Simpson to third
|
|
Batting: LHB Yat-sen Zhu
|
0-0: Ball 1-0: Ball 2-0: Ball 3-0: Base on Balls Chance Lamb to second
|
|
Batting: RHB Joe Kemp
|
0-0: Ball 1-0: DOUBLE (Flyball, 8LXD, EV 96.2 MPH) David Simpson scores Chance Lamb scores Yat-sen Zhu to third Runner from 3rd tries for Home, throw by CF and OUT! 8-6-2
|
| Bottom of the 4th over - 2 runs, 3 hits, 0 errors, 1 left on base; Arkansas 0 - Frisco 2 |
| TOP OF THE 5TH |
|
Arkansas Travelers batting - Pitching for Frisco RoughRiders : RHP Joe Pattullo
|
|
Batting: LHB Justin Balthazor
|
0-0: Ball 1-0: Ground out 4-3 (Groundball, 4, EV 108.1 MPH)
|
|
Batting: RHB Danny Bjarnson
|
0-0: Called Strike 0-1: Ball 1-1: Ball 2-1: Ground out U3 (Groundball, 3S, EV 88.8 MPH)
|
|
Batting: LHB Barrfhionn O'Toole
|
0-0: Called Strike 0-1: Fly out, F8 (Line Drive, 8LD, EV 96.9 MPH)
|
| Top of the 5th over - 0 runs, 0 hits, 0 errors, 0 left on base; Arkansas 0 - Frisco 2 |
| BOTTOM OF THE 5TH |
|
Frisco RoughRiders batting - Pitching for Arkansas Travelers : RHP Josh Brewer
|
|
Batting: RHB Josh Ferguson
|
0-0: Ball 1-0: Ball 2-0: Foul Ball, location: 2F 2-1: Ball 3-1: SINGLE (Groundball, 6S, EV 67.5 MPH) (infield hit)
|
|
Batting: RHB Darnell Jones
|
0-0: Called Strike 0-1: Called Strike 0-2: Ball 1-2: Ball 2-2: Ball Josh Ferguson is caught stealing 2nd base 2-4 3-2: Foul Ball, location: 2F 3-2: Foul Ball, location: 2F 3-2: Foul Ball, location: 2F 3-2: SINGLE (Groundball, 25, EV 63.1 MPH) (infield hit)
|
|
Batting: RHB Doug Hammertime
|
0-0: Ball 1-0: Called Strike 1-1: Ball 2-1: Ball 3-1: Fielders Choice at 2nd, 5-4 (Groundball, 56S, EV 86.2 MPH)
|
|
Batting: LHB Pauli Gassinger
|
0-0: Ball Doug Hammertime steals 2nd base 1-0: Called Strike 1-1: Foul Ball, location: 2F 1-2: SINGLE (Flyball, 78S, EV 95.6 MPH) Doug Hammertime to third Runner from 3rd tries for Home, SAFE, throw by LF to home
|
|
Batting: RHB Matt Sanders
|
0-0: Called Strike 0-1: Swinging Strike 0-2: Foul Ball, location: 2F 0-2: Fly out, F7 (Flyball, 7D, EV 73.8 MPH)
|
| Bottom of the 5th over - 1 run, 3 hits, 0 errors, 1 left on base; Arkansas 0 - Frisco 3 |
| TOP OF THE 6TH |
|
Arkansas Travelers batting - Pitching for Frisco RoughRiders : RHP Joe Pattullo
|
|
Batting: LHB Larry Prey
|
0-0: Called Strike 0-1: Called Strike 0-2: Ball 1-2: Strikes out swinging, 2-3 out at first.
|
|
Batting: RHB Jose Ramirez
|
0-0: Called Strike 0-1: Foul Ball, location: 2F 0-2: Fly out, F9 (Flyball, 9S, EV 90.0 MPH)
|
|
Batting: LHB Griffin Ferris
|
0-0: Called Strike 0-1: Called Strike 0-2: Ball 1-2: Ball 2-2: Foul Ball, location: 2F 2-2: Fly out, F9 (Flyball, 89S, EV 83.1 MPH)
|
| Top of the 6th over - 0 runs, 0 hits, 0 errors, 0 left on base; Arkansas 0 - Frisco 3 |
| BOTTOM OF THE 6TH |
|
Frisco RoughRiders batting - Pitching for Arkansas Travelers : RHP Josh Brewer
|
|
Pitching: LHP Chris Fuller
|
|
|
Batting: SHB David Simpson
|
0-0: Swinging Strike 0-1: Foul Ball, location: 2F 0-2: SINGLE (Flyball, 4MD, EV 81.2 MPH)
|
|
Batting: RHB Chance Lamb
|
0-0: Ball 1-0: Called Strike 1-1: Foul Ball, location: 2F 1-2: Strikes out swinging
|
|
Batting: LHB Yat-sen Zhu
|
0-0: Swinging Strike 0-1: Foul Ball, location: 2F 0-2: Ball 1-2: Ball 2-2: Strikes out looking
|
|
Batting: RHB Joe Kemp
|
0-0: Called Strike 0-1: Ball 1-1: Ball 2-1: Ball 3-1: Foul Ball, location: 2F 3-2: Foul Ball, location: 2F 3-2: Foul Ball, location: 2F 3-2: Strikes out swinging
|
| Bottom of the 6th over - 0 runs, 1 hit, 0 errors, 1 left on base; Arkansas 0 - Frisco 3 |
| TOP OF THE 7TH |
|
Arkansas Travelers batting - Pitching for Frisco RoughRiders : RHP Joe Pattullo
|
|
Batting: RHB Juan Montez
|
0-0: Ball 1-0: Foul Ball, location: 2F 1-1: Ball 2-1: SINGLE (Groundball, 4MD, EV 108.1 MPH)
|
|
Batting: LHB Mark Reeg
|
0-0: SINGLE (Line Drive, 34D, EV 109.4 MPH) Juan Montez to second
|
|
Batting: RHB Ryuji Ito
|
0-0: Swinging Strike 0-1: Ball 1-1: Swinging Strike 1-2: Strikes out swinging
|
|
Batting: LHB Justin Balthazor
|
0-0: Called Strike 0-1: Ball 1-1: Swinging Strike 1-2: Ball 2-2: Ball 3-2: Fielders Choice at 2nd, 1-6 (Groundball, 13S, EV 66.9 MPH) Juan Montez to third
|
|
Batting: RHB Danny Bjarnson
|
0-0: Ball 1-0: Foul Ball, location: 2F 1-1: Foul Ball, location: 2F 1-2: Foul Ball, location: 2F 1-2: Ball 2-2: Ball 3-2: Foul Ball, location: 2F 3-2: Base on Balls Justin Balthazor to second
|
|
Batting: LHB Barrfhionn O'Toole
|
0-0: Called Strike 0-1: Ball 1-1: Ball 2-1: Fielders Choice at 2nd, U6 (Groundball, 6M, EV 84.4 MPH)
|
| Top of the 7th over - 0 runs, 2 hits, 0 errors, 3 left on base; Arkansas 0 - Frisco 3 |
| BOTTOM OF THE 7TH |
|
Frisco RoughRiders batting - Pitching for Arkansas Travelers : LHP Chris Fuller
|
|
Pitching: RHP Owen Prouty
|
|
|
Batting: RHB Josh Ferguson
|
0-0: Ball 1-0: Ground out 6-3 (Groundball, 6, EV 78.8 MPH)
|
|
Batting: RHB Darnell Jones
|
0-0: Foul Ball, location: 2F 0-1: Foul Ball, location: 2F 0-2: Ball 1-2: Ball 2-2: Ball 3-2: Foul Ball, location: 2F 3-2: Foul Ball, location: 2F 3-2: Base on Balls
|
|
Batting: RHB Doug Hammertime
|
0-0: Called Strike Darnell Jones steals 2nd base 0-1: Ball 1-1: Called Strike 1-2: Foul Ball, location: 2F 1-2: Ball 2-2: Foul Ball, location: 2F 2-2: Fly out, F7 (Flyball, 7, EV 84.4 MPH)
|
|
Batting: LHB Pauli Gassinger
|
0-0: Ball 1-0: Ball 2-0: Swinging Strike 2-1: Swinging Strike 2-2: Strikes out swinging
|
| Bottom of the 7th over - 0 runs, 0 hits, 0 errors, 1 left on base; Arkansas 0 - Frisco 3 |
| TOP OF THE 8TH |
|
Arkansas Travelers batting - Pitching for Frisco RoughRiders : RHP Joe Pattullo
|
|
Batting: LHB Larry Prey
|
0-0: Ball 1-0: Called Strike 1-1: Foul Ball, location: 2F 1-2: Strikes out swinging
|
|
Batting: RHB Jose Ramirez
|
0-0: Called Strike 0-1: Ball 1-1: Foul Ball, location: 2F 1-2: Ball 2-2: Ground out 5-3 (Groundball, 5, EV 88.1 MPH)
|
|
Batting: LHB Griffin Ferris
|
0-0: Foul Ball, location: 2F 0-1: Foul Ball, location: 2F 0-2: Strikes out swinging
|
| Top of the 8th over - 0 runs, 0 hits, 0 errors, 0 left on base; Arkansas 0 - Frisco 3 |
| BOTTOM OF THE 8TH |
|
Frisco RoughRiders batting - Pitching for Arkansas Travelers : RHP Owen Prouty
|
|
Pitching: RHP Jake Bruen
|
|
|
Batting: RHB Matt Sanders
|
0-0: Ball 1-0: Called Strike 1-1: Ball 2-1: Ground out 5-3 (Groundball, 56, EV 88.8 MPH)
|
|
Batting: SHB David Simpson
|
0-0: Ball 1-0: Ball 2-0: Ground out 6-3 (Groundball, 6, EV 81.2 MPH)
|
|
Batting: RHB Chance Lamb
|
0-0: Ball 1-0: Foul Ball, location: 2F 1-1: Swinging Strike 1-2: Foul Ball, location: 2F 1-2: Ball 2-2: Strikes out swinging
|
| Bottom of the 8th over - 0 runs, 0 hits, 0 errors, 0 left on base; Arkansas 0 - Frisco 3 |
| TOP OF THE 9TH |
|
Arkansas Travelers batting - Pitching for Frisco RoughRiders : RHP Joe Pattullo
|
|
Pitching: LHP Valery Sahanov
|
|
|
Batting: RHB Juan Montez
|
0-0: Ball 1-0: Ground out 5-3 (Groundball, 56, EV 84.4 MPH)
|
|
Batting: LHB Mark Reeg
|
0-0: Ball 1-0: Called Strike 1-1: Ground out 6-3 (Groundball, 6MD, EV 105.6 MPH)
|
|
Batting: RHB Ryuji Ito
|
0-0: Foul Ball, location: 2F 0-1: Ball 1-1: Swinging Strike 1-2: Ball 2-2: Strikes out swinging
|
| Top of the 9th over - 0 runs, 0 hits, 0 errors, 0 left on base; Arkansas 0 - Frisco 3 |
|